 Dungeon Crawl Stone Soup version 0.26-a0-1129-gc5df7fbe6a (console) character file.

Game seed: 13935905043696433519

130 om the Insei (level 5, -3/40 HPs)
             Began as a Gnoll Transmuter on Dec 14, 2020.
             Blown up by Ijyb (17 damage)
             ... with a disintegration bolt
             ... on level 3 of the Dungeon on Dec 18, 2020.
             The game lasted 00:06:25 (2477 turns).

om the Insei (Gnoll Transmuter)                     Turns: 2477, Time: 00:06:26

Health: -3/40      AC:  3    Str: 13    XL:     5   Next: 14%
Magic:  11/12      EV: 15    Int: 15    God:
Gold:   21         SH:  0    Dex: 16    Spells: 10/14 levels left

rFire    . . .     SeeInvis .   b - +0 dagger
rCold    . . .     Faith    .   (no shield)
rNeg     . . .     Spirit   .   a - +0 robe
rPois    .         Reflect  .   (helmet currently unavailable)
rElec    .         Harm     .   (no cloak)
rCorr    .         Rampage  .   c - +0 pair of gloves
Will     .....                  (boots currently unavailable)
Stlth    ++........             (no amulet)
HPRegen  0.13/turn              k - ring of flight
MPRegen  0.13/turn              (no ring)

@: appendages
A: distributed training, fangs 1, horns 2, talons 2, strong nose
a: End Transformation, Evoke Flight


You were on level 3 of the Dungeon.
You had grown temporary horns.
You had grown temporary talons.
You visited 1 branch of the dungeon, and saw 3 of its levels.

You collected 21 gold pieces.

Inventory:

Hand Weapons
 b - a +0 dagger (weapon)
 n - a +2 dagger of chaos
Armour
 a - a +0 robe (worn)
 c - a +0 pair of gloves (worn)
Jewellery
 k - a ring of flight (left hand)
Scrolls
 d - a scroll of enchant armour {unknown}
 f - 3 scrolls of identify {unknown}
 g - a scroll of enchant weapon {unknown}
 h - a scroll of magic mapping {unknown}
 i - 4 scrolls of random uselessness {unknown}
 l - a scroll of immolation {unknown}
 m - a scroll of teleportation {unknown}
 o - a scroll of amnesia {unknown}
Potions
 e - a potion of heal wounds {unknown}
 j - a potion of degeneration {unknown}
 p - 2 potions of invisibility {unknown}


   Skills:
 + Level 2.9 Fighting
 + Level 1.4 Short Blades
 + Level 1.4 Long Blades
 + Level 1.4 Axes
 + Level 1.4 Maces & Flails
 + Level 1.4 Polearms
 + Level 1.4 Staves
 + Level 1.4 Slings
 + Level 1.4 Bows
 + Level 1.4 Crossbows
 + Level 1.4 Throwing
 + Level 1.4 Armour
 + Level 4.7 Dodging
 + Level 1.4 Stealth
 + Level 1.4 Shields
 + Level 6.6 Unarmed Combat
 + Level 5.1 Spellcasting
 + Level 1.1 Conjurations
 + Level 1.1 Hexes
 + Level 1.1 Summonings
 + Level 1.1 Necromancy
 + Level 1.1 Translocations
 + Level 3.9 Transmutations
 + Level 1.1 Fire Magic
 + Level 1.1 Ice Magic
 + Level 1.1 Air Magic
 + Level 1.1 Earth Magic
 + Level 1.1 Poison Magic
 + Level 1.5 Invocations
 + Level 1.4 Evocations


You had 10 spell levels left.
You knew the following spells:

 Your Spells              Type           Power        Failure   Level
a - Beastly Appendage     Tmut           30%          3%          1
b - Spider Form           Tmut/Pois      5%           17%         3

Your spell library contained the following spells:

 Spells                   Type           Power        Failure   Level
 Wereblood                Tmut           15%          4%          2
 Ice Form                 Ice/Tmut       11%          50%         4
 Blade Hands              Tmut           7%           65%         5


Dungeon Overview and Level Annotations

Branches:
Dungeon (3/15)

Altars:
Ashenzari
Fedhas
Makhleb
Wu Jian
Xom

Annotations:
D:3 Ijyb


Innate Abilities, Weirdness & Mutations

Your experience applies equally to all skills.
You have very sharp teeth.
Your uncanny sense of smell can sniff out nearby items.
You have a pair of horns on your head.
You have razor-sharp toenails.


Message History

You barely miss the rat.
The rat is moderately wounded.
The rat completely misses you.
Ijyb drinks a potion.
Ijyb seems to speed up.
You hit the rat but do no damage. Your kick misses the rat.
The rat is moderately wounded.
The rat closely misses you.
You hit the rat.
You kill the rat!
Ijyb barely misses you.
You barely miss Ijyb. Your kick misses Ijyb.
You headbutt Ijyb, but do no damage. Your bite misses Ijyb.
Ijyb hits you but does no damage.
You barely miss Ijyb. Your bite misses Ijyb.
Ijyb zaps a wand.
You are blasted!
Ouch! That really hurt!
A hobgoblin comes into view. It is wielding a +0 club.
Ijyb closely misses you.
You are too injured to fight recklessly!
You completely miss Ijyb. Your kick misses Ijyb.
You headbutt Ijyb, but do no damage. Ijyb hits you but does no damage.
You hit Ijyb but do no damage. You claw Ijyb, but do no damage.
You headbutt Ijyb, but do no damage.
Ijyb zaps a wand.
You are blasted!
You die...

#..........##.#
#.#....
#(.........##.#
#.#.##.
..#####.######.#
#.#..#. ##. #.#
#.# #.#..#. #
#.# #[# #.#..#.
#.# #.####. #.#
#...... #.#
∆####### #.# #.#
#@# #g# #######
#.# ....... ..#
#....... ∆ ..#
#....... g..#
#....... ...#
#....... ###.#
#.......
........
#.......
........


You could see Ijyb (fast) and a hobgoblin.

Vanquished Creatures
  A crimson imp (D:3)
  3 adders (D:3)
  An ooze (D:3)
  2 worms (D:3)
  2 dart slugs (D:1)
  6 orcs (D:3)
  12 bats
  A giant cockroach (D:1)
  5 goblins
  8 hobgoblins
  3 frilled lizards
  5 kobolds
  5 rats
54 creatures vanquished.

Notes
Turn   | Place    | Note
-------+----------+-------------------------------------------
     0 | D:1      | om the Gnoll Transmuter began the quest for the Orb.
     0 | D:1      | Reached XP level 1. HP: 17/17 MP: 6/6
   166 | D:1      | Reached XP level 2. HP: 23/23 MP: 7/7
   675 | D:1      | Upgraded the game from 0.26-a0-1086-g9010512d90 to
                  | 0.26-a0-1129-gc5df7fbe6a
   714 | D:1      | Reached XP level 3. HP: 23/28 MP: 9/9
   975 | D:1      | Reached skill level 5 in Spellcasting
  1020 | D:2      | Found a broken altar of Ashenzari.
  1179 | D:2      | Found a blossoming altar of Fedhas.
  1258 | D:2      | Found an ornate altar of the Wu Jian Council.
  1436 | D:3      | Found a shimmering altar of Xom.
  1436 | D:3      | Found a burning altar of Makhleb.
  1446 | D:3      | Reached skill level 1 in Short Blades
  1446 | D:3      | Reached skill level 1 in Long Blades
  1446 | D:3      | Reached skill level 1 in Axes
  1446 | D:3      | Reached skill level 1 in Maces & Flails
  1446 | D:3      | Reached skill level 1 in Polearms
  1446 | D:3      | Reached skill level 1 in Staves
  1446 | D:3      | Reached skill level 1 in Slings
  1446 | D:3      | Reached skill level 1 in Bows
  1446 | D:3      | Reached skill level 1 in Crossbows
  1446 | D:3      | Reached skill level 1 in Throwing
  1446 | D:3      | Reached skill level 1 in Armour
  1446 | D:3      | Reached skill level 1 in Stealth
  1446 | D:3      | Reached skill level 1 in Shields
  1446 | D:3      | Reached skill level 1 in Invocations
  1446 | D:3      | Reached skill level 1 in Evocations
  1446 | D:3      | Reached XP level 4. HP: 34/34 MP: 11/11
  1824 | D:3      | Reached skill level 1 in Conjurations
  1824 | D:3      | Reached skill level 1 in Hexes
  1824 | D:3      | Reached skill level 1 in Summonings
  1824 | D:3      | Reached skill level 1 in Necromancy
  1824 | D:3      | Reached skill level 1 in Translocations
  1824 | D:3      | Reached skill level 1 in Fire Magic
  1824 | D:3      | Reached skill level 1 in Ice Magic
  1824 | D:3      | Reached skill level 1 in Air Magic
  1824 | D:3      | Reached skill level 1 in Earth Magic
  1824 | D:3      | Reached skill level 1 in Poison Magic
  1848 | D:3      | Learned a level 3 spell: Spider Form
  2067 | D:3      | Reached XP level 5. HP: 13/40 MP: 12/12
  2464 | D:3      | Noticed Ijyb
  2477 | D:3      | Blown up by Ijyb

Illustrated notes

Levels and vault maps discovered:
D:1:      dpeg_arrival_short_road, layout_loops_ring
D:2:      layout_rooms, nicolae_overflow_hidden_temple, marbit_many_paths,
          overflow_temple_1_default, lightli_corner_chamber, uniq_jessica
D:3:      layout_basic, grunt_temple_overflow_champion_of_chaos,
          tso_oasis_becter, uniq_ijyb

Skill      XL: |  1  2  3  4 |
---------------+-------------+-----
Spellcasting   | 5 |  5.1
Short Blades   | 1 |  1.4
Long Blades    | 1 |  1.4
Axes           | 1 |  1.4
Maces & Flails | 1 |  1.4
Polearms       | 1 |  1.4
Staves         | 1 |  1.4
Slings         | 1 |  1.4
Bows           | 1 |  1.4
Crossbows      | 1 |  1.4
Throwing       | 1 |  1.4
Armour         | 1 |  1.4
Stealth        | 1 |  1.4
Shields        | 1 |  1.4
Invocations    | 1 |  1.5
Evocations     | 1 |  1.4
Conjurations   | 1 |  1.1
Hexes          | 1 |  1.1
Summonings     | 1 |  1.1
Necromancy     | 1 |  1.1
Translocations | 1 |  1.1
Fire Magic     | 1 |  1.1
Ice Magic      | 1 |  1.1
Air Magic      | 1 |  1.1
Earth Magic    | 1 |  1.1
Poison Magic   | 1 |  1.1
Fighting       | |  2.9
Dodging        | |  4.7
Unarmed Combat | |  6.6
Transmutations | |  3.9

Action                   |  1- 3 |  4- 6 || total
-------------------------+-------+-------++-------
Melee: Unarmed           |    11 |       ||    11
       Kick              |    12 |    19 ||    31
       Bite              |     9 |     4 ||    13
       Headbutt          |     7 |    15 ||    22
       Punch             |     4 |     4 ||     8
       Dagger            |    82 |    83 ||   165
 Cast: Beastly Appendage |    14 |     8 ||    22
 Stab: Sleeping          |     2 |     1 ||     3
Armor: Robe              |    24 |    23 ||    47
Dodge: Dodged            |    88 |    74 ||   162

Table legend: (Time is in decaauts)
 A = Elapsed time spent in this place.
 B = Non-inter-level travel time spent in this place.
 C = Inter-level travel time spent in this place.
 D = Time resting spent in this place.
 E = Time spent auto-exploring this place.
 F = Levels seen in this place.
 G = Mean time per level.
                   A        B        C        D        E       F      G
               +--------+--------+--------+--------+--------+-----+--------+
         Total |   2476 |   2260 |    216 |    301 |   1503 |   3 |  825.3 |
       Dungeon |   2476 |   2260 |    216 |    301 |   1503 |   3 |  825.3 |
               +--------+--------+--------+--------+--------+-----+--------+

Top non-repeatable levels by time:
     D:3: 1062 daAuts
     D:1: 1016 daAuts
     D:2: 397 daAuts
